 Dungeon Crawl Stone Soup version 0.13.1-28-g3517093 (webtiles) character file.

200 RepoMan the Chopper (level 4, -3/40 HPs)
             Began as a Hill Orc Fighter on Feb 28, 2014.
             Slain by an orc priest
             ... wielding a -1,+0 orcish flail
              (5 damage)
             ... on Level 3 of the Dungeon.
             The game lasted 00:16:16 (1463 turns).

RepoMan the Chopper (Hill Orc Fighter)              Turns: 1463, Time: 00:16:16

HP  -3/40        AC  7     Str 19      XL: 4   Next: 62%
MP   3/3         EV  6     Int  8      God:
Gold 107         SH 19     Dex 10      Spells:  0 memorised,  3 levels left

Res.Fire  : . . .   See Invis. : .   a - +0 orc hand axe {=f}
Res.Cold  : . . .   Warding    : .   b - +0 orc scale mail
Life Prot.: . . .   Conserve   : .   c - +0 orc shield
Res.Poison: .       Res.Corr.  : .   (no helmet)
Res.Elec. : .       Clarity    : .   (no cloak)
Sust.Abil.: . .     Spirit.Shd : .   (no gloves)
Res.Mut.  : .       Stasis     : .   (no boots)
Res.Rott. : .       Flight     : .   (no amulet)
Saprovore : + . .                    (no ring)
                                     (no ring)

@: slightly resistant to hostile enchantments, extremely unstealthy
A: saprovore 1
a: Convert to Beogh


You were on level 3 of the Dungeon.
You were not hungry.

You visited 1 branch of the dungeon, and saw 3 of its levels.

You collected 87 gold pieces.

Inventory:

Hand weapons
 a - a +0,+0 orcish hand axe (weapon) {=f}
Missiles
 k - 8 curare-tipped needles
Armour
 b - a +0 orcish scale mail (worn)
 c - a +0 orcish shield (worn)
 p - a +1 dwarven cloak
Comestibles
 d - a meat ration
 j - 13 sultanas
 n - 2 pears
Scrolls
 g - 4 scrolls of identify {unknown}
 h - 2 scrolls of remove curse {unknown}
 i - a scroll of fog {unknown}
 l - 2 scrolls of recharging {unknown}
 m - a scroll of magic mapping {unknown}
 o - 3 scrolls of teleportation {unknown}
 t - a scroll of random uselessness {unknown}
Jewellery
 e - an uncursed amulet of resist mutation {unknown}
 r - an uncursed ring of protection from magic {unknown}
Potions
 q - a potion of restore abilities


   Skills:
 + Level 4.2 Fighting
 * Level 4.7 Axes
 + Level 4.0 Armour
 + Level 3.5 Shields


You had 3 spell levels left.
You didn't know any spells.

Dungeon Overview and Level Annotations

Branches:
Dungeon (3/27)

Altars:


Innate Abilities, Weirdness & Mutations

You can tolerate rotten meat.


Message History

Something smites you! The orc hits you with an orcish mace!
* * * LOW HITPOINT WARNING * * *
Drink which item? (? for menu, Esc to quit)
You feel refreshed.
It was a potion of restore abilities.
Drink which item? (? for menu, Esc to quit)
You feel better.
It was a potion of curing.
The orc barely misses you.
You closely miss the orc.
The orc is severely wounded.
The orc hits you with an orcish mace.
The orc priest threatens, "By the altar or by the axe, you will meet Beogh!"
You hit the orc.
You kill the orc!
The orc priest mumbles some strange prayers to Beogh against you.
Something smites you!
* * * LOW HITPOINT WARNING * * *
You slash the orc!
You kill the orc!
The orc priest becomes somewhat translucent.
The orc priest hits you with an orcish flail.
You die...

# ... . ..#########..####
#.# .........o........
##.# ..#####@###..####
.#.# ....# #.# ...
.#.####....# #.# # #
.....##....#####'###.#
...#.# #.............####
...#.# #.................
...#.###............#####
....................#
.#.#.###............#


You could see an orc priest.

Vanquished Creatures
  A worker ant (D:3)
  An adder (D:2)
  A giant mite (D:1)
  A giant gecko (D:1)
  2 oozes (D:1)
  3 orcs (D:3)
  A ball python (D:2)
  7 bats
  6 goblins
  2 hobgoblins
  A quokka (D:2)
  3 giant newts (D:2)
  13 jackals
  3 kobolds
  3 rats
48 creatures vanquished.

Notes
Turn   | Place    | Note
--------------------------------------------------------------
     0 | D:1      | RepoMan, the Hill Orc Fighter, began the quest for the Orb.
     0 | D:1      | Reached XP level 1. HP: 19/19 MP: 0/0
   181 | D:1      | Reached XP level 2. HP: 21/26 MP: 1/1
   573 | D:1      | Reached XP level 3. HP: 29/33 MP: 2/2
   845 | D:2      | Reached skill level 4 in Axes
  1017 | D:2      | Reached XP level 4. HP: 36/39 MP: 3/3
  1461 | D:3      | HP: 2/40 [orc priest/divine providence (12)]
  1463 | D:3      | Slain by an orc priest

Action                   |  1- 3 |  4- 6 || total
-------------------------+-------+-------++-------
Melee: Hand axe          |   137 |    46 ||   183
  Use: Potion            |       |     2 ||     2
